 Dungeon Crawl Stone Soup version 0.29.0-4-gdea44cf6ec (webtiles) character file.

Game seed: 1383019275668044515

52 qw the Chopper (level 3, -11/21 HPs)
             Began as a Tengu Warper on Aug 28, 2022.
             Mangled by a gnoll
             ... wielding a +0 halberd
              (12 damage)
             ... on level 2 of the Dungeon.
             The game lasted 00:00:07 (1451 turns).

qw the Chopper (Tengu Warper)                       Turns: 1451, Time: 00:00:07

Health: -11/21     AC:  3    Str: 13    XL:     3   Next: 85%
Magic:  7/7        EV: 12    Int: 13    God:
Gold:   14         SH:  0    Dex: 13    Spells: 6/6 levels left

rFire   . . .      SeeInvis .   Y - +0 hand axe
rCold   . . .      Faith    .   (no shield)
rNeg    . . .      Spirit   .   b - +0 leather armour
rPois   .          Reflect  .   (helmet restricted)
rElec   .          Harm     .   (no cloak)
rCorr   .          Rampage  .   (no gloves)
Will    .....                   (boots unavailable)
Stlth   +.........              (no amulet)
HPRegen 0.07/turn               (no ring)
MPRegen 0.10/turn               (no ring)

@: no status effects
A: beak, talons 3
a: no special abilities


You were on level 2 of the Dungeon.
You visited 1 branch of the dungeon, and saw 2 of its levels.

You collected 14 gold pieces.


Innate Abilities, Weirdness & Mutations

You have a beak for a mouth.
You have claws for feet.


   Skills:
 - Level 2.0 Fighting
 + Level 4.4 Axes
 - Level 1.0 Throwing
 - Level 1.1 Armour
 - Level 2.1 Dodging
 - Level 2.0 Spellcasting
 - Level 2.4 Translocations


You had 6 spell levels left.
You didn't know any spells.
Your spell library contained the following spells:

 Spells                   Type           Power      Damage    Failure   Level
 Blink                    Tloc           14%        N/A       19%         2
 Gell's Gravitas          Tloc           7%         N/A       36%         3
 Lesser Beckoning         Tloc           7%         N/A       36%         3
 Teleport Other           Tloc           7%         N/A       36%         3
 Manifold Assault         Tloc           7%         N/A       98%         5

Inventory:

Hand Weapons
 g - a +0 whip
 Y - a +0 hand axe (weapon)
Armour
 b - a +0 leather armour (worn)
Scrolls
 a - a scroll of identify
Potions
 d - a potion of heal wounds {unknown}
 f - a potion of mutation {unknown}

Dungeon Overview and Level Annotations

Branches:
Dungeon (2/15)

Altars:


Message History

Waypoint 1 assigned to D:2.
A gnoll comes into view. It is wielding a +0 flail.
The gnoll shouts!
You hear a shout! x2
A gnoll comes into view. It is wielding a +0 halberd.
1442 ||| Stepping ~*~*~tactically~*~*~ (hiding).
You barely miss the gnoll. You claw the gnoll.
The gnoll is moderately wounded.
The gnoll barely misses you.
You hit the gnoll. You claw the gnoll.
You kill the gnoll!
You start waiting.
A gnoll is nearby!
A kobold comes into view. It is wielding a +0 club.
The kobold shouts!
You hear a shout!
The gnoll closely misses you.
A gnoll comes into view. It is wielding a +0 flail.
The kobold moves out of view.
You see here a +0 flail.
You hit the gnoll but do no damage. Your kick misses the gnoll.
You peck the gnoll, but do no damage. The gnoll barely misses you.
You hit the gnoll but do no damage. You peck the gnoll.
The gnoll is moderately wounded.
The gnoll hits you with a +0 halberd!
Ouch! That really hurt!
A kobold comes into view. It is wielding a +0 dagger.
You barely miss the gnoll. You claw the gnoll.
The gnoll is moderately wounded.
You hit the gnoll. The gnoll barely misses you.
The gnoll hits you with a +0 flail.
You hit the gnoll. Your peck misses the gnoll.
The gnoll is moderately wounded.
You closely miss the gnoll. The gnoll hits you with a +0 halberd.
The gnoll completely misses you.
You hit the gnoll. You peck the gnoll.
The gnoll is severely wounded.
You hit the gnoll. The gnoll hits you with a +0 halberd!
Ouch! That really hurt!
You die...

### #<# #.#
#@#
#...ggKK....
##.#.##.####
#.#.. .. #
#.# ## #..
###


You could see 2 gnolls and 2 kobolds.

Vanquished Creatures
  A gnoll (D:2)
  2 dart slugs (D:1)
  3 giant cockroaches (D:1)
  4 goblins (D:1)
  5 hobgoblins (D:1)
  4 jackals (D:1)
  A kobold (D:1)
  3 quokkas (D:1)
  3 ball pythons (D:1)
  4 bats (D:1)
  A frilled lizard (D:1)
  2 rats (D:1)
33 creatures vanquished.

Notes
Turn   | Place    | Note
-------+----------+-------------------------------------------
     0 | D:1      | qw the Tengu Warper began the quest for the Orb.
     0 | D:1      | Reached XP level 1. HP: 12/12 MP: 4/4
     0 | D:1      | 0 ||| qw: Version: 0.1-a-89-g26bdef1
     0 | D:1      | 0 ||| qw: Game counter: 1894
     0 | D:1      | 0 ||| qw: Always use a shield: true
     0 | D:1      | 0 ||| qw: God list: Okawaru
     0 | D:1      | 0 ||| qw: Allow faded altars: false
     0 | D:1      | 0 ||| qw: Do Orc after D:15 true
     0 | D:1      | 0 ||| qw: Do second Lair branch before Depths: true
     0 | D:1      | 0 ||| qw: Lair rune preference: random
     0 | D:1      | 0 ||| qw: Plans: Normal
     0 | D:1      | 0 ||| PLANNING D:1-11
   171 | D:1      | Reached XP level 2. HP: 17/17 MP: 6/6
   172 | D:1      | Reached skill level 3 in Axes
   558 | D:1      | HP: 4/17 [jackal (3)]
   567 | D:1      | HP: 2/17 [dart slug (2)]
   569 | D:1      | Reached XP level 3. HP: 3/21 MP: 7/7
   852 | D:1      | 852 ||| DROPPING +0 club.
   890 | D:1      | Reached skill level 4 in Axes
   921 | D:1      | 921 ||| Stepping ~*~*~tactically~*~*~ (stealth).
  1421 | D:1      | 1421 ||| READING 2 scrolls labelled XIHAILO DUWNEI.
  1422 | D:1      | 1422 ||| DROPPING scroll of blinking.
  1442 | D:2      | 1442 ||| Stepping ~*~*~tactically~*~*~ (hiding).
  1449 | D:2      | HP: 3/21 [gnoll/+0 flail (5)]
  1450 | D:2      | HP: 1/21 [gnoll/+0 halberd (3)]
  1451 | D:2      | Mangled by a gnoll

Levels and vault maps discovered:
D:1:      scummos_arrival_simple_fountains, layout_loops_ring
D:2:      layout_basic, chequers_serial_rivers_micro_e, minmay_snake_closets

Skill      XL: |  1  2  3 |
---------------+----------+-----
Axes           | 3 4 |  4.4
Fighting       | |  2.0
Throwing       | |  1.0
Armour         | |  1.1
Dodging        | |  2.1
Spellcasting   | |  2.0
Translocations | |  2.4

Action                   || total
-------------------------++-------
Melee: Hand axe          ||    96
       Kick              ||    16
       Peck              ||     7
       Punch             ||     1
Throw: Boomerang         ||     7
  Use: Scroll            ||     1
Armor: Leather armour    ||    28
Dodge: Dodged            ||    76

Table legend:
 A = Non-vault XP
 B = Vault XP
 C = Vault XP percentage of total XP
 D = Non-vault monster count
 E = Vault monster count
 F = Vault count percentage of total count
                 A         B        C        D         E       F
            +---------+---------+-------+---------+---------+-------
      Total |      75 |       0 |   0.0 |      33 |       0 |   0.0
            +---------+---------+-------+---------+---------+-------
        D:1 |      61 |       0 |   0.0 |      32 |       0 |   0.0
        D:2 |      14 |       0 |   0.0 |       1 |       0 |   0.0
            +---------+---------+-------+---------+---------+-------
